 Dungeon Crawl Stone Soup version 0.19-a0-1697-g0595f0e (webtiles) character file.

138524 sveltemanboy the Unseen (level 16, -1/126 HPs)
             Began as a Demonspawn Monk on Sept 25, 2016.
             Was the Champion of Ashenzari.
             Slain by a deep elf blademaster
             ... wielding a +0 rapier
              (27 damage)
             ... on level 3 of the Elven Halls on Sept 26, 2016.
             The game lasted 02:03:49 (31746 turns).

sveltemanboy the Unseen (Demonspawn Monk)          Turns: 31746, Time: 02:03:50

Health: -1/126     AC: 10    Str: 14    XL:     16   Next: 71%
Magic:  26/26      EV: 26    Int: 13    God:    Ashenzari [******]
Gold:   906        SH: 16    Dex: 19    Spells: 4 memorised, 5 levels left

rFire  . . .     SeeInvis +     j - +7 short sword (distort) (curse)
rCold  . . .     Gourm    .     t - +1 leather armour (curse)
rNeg   . . .     Faith    .     s - +2 buckler {reflect} (curse)
rPois  +         Spirit   .     (helmet unavailable)
rElec  .         Dismiss  .     e - +1 cloak {rPois} (curse)
rCorr  .         Reflect  +     T - +0 pair of gloves "Uniget" {rPois Regen+} (curse)
MR     +....     Harm     .     d - +0 pair of boots (curse)
Stlth  ++++++++++ Clarity  +    N - brooch of Shielding {Reflect SH+8}
                                I - +4 ring of evasion (curse)
                                U - +5 ring of evasion (curse)

@: corroded, drained
A: antennae 3, rugged brown scales 3, nightstalker 3, powered by pain 2,
augmentation 1
a: Curse Item, Scrying, Transfer Knowledge, Renounce Religion


You were on level 3 of the Elven Halls.
You worshipped Ashenzari.
Ashenzari was exalted by your worship.
You were not hungry.

You visited 5 branches of the dungeon, and saw 25 of its levels.
You visited the Abyss 1 time.
You also visited: Labyrinth, Sewer and Volcano.

You collected 2001 gold pieces.
You spent 1095 gold pieces at shops.

Inventory:

Hand Weapons
 j - a cursed +7 short sword of distortion (weapon)
Armour
 d - a cursed +0 pair of boots (worn)
 e - a cursed +1 cloak of poison resistance (worn)
 p - a +3 leather armour of fire resistance
 q - the cursed +0 leather armour of a volcano {rF+ MP+9 SInv}
   (You bought it in a shop on level 2 of the Orcish Mines)

   It protects you from fire.
   It affects your magic capacity (+9).
   It lets you see invisible.
   It has a curse placed upon it.
 s - a cursed +2 buckler of reflection (worn)
 t - a cursed +1 leather armour (worn)
 F - the cursed +0 leather armour "Waqul" {Int+4}
   (You found it in a labyrinth)

   It affects your intelligence (+4).
   It has a curse placed upon it.
 T - the cursed +0 pair of gloves "Uniget" (worn) {rPois Regen+}
   (You found it on level 3 of the Lair of Beasts)

   It protects you from poison.
   It increases your rate of regeneration.
   It has a curse placed upon it.
Jewellery
 G - the ring "Enkuvutt" {+Inv rPois rC+}
   (You took it off a deep elf annihilator on level 3 of the Elven Halls)

   [ring of poison resistance]

   It protects you from cold.
   It protects you from poison.
   It lets you turn invisible.
 I - a cursed +4 ring of evasion (right hand)
 N - the brooch of Shielding (around neck) {Reflect SH+8}
   (You bought it in a shop on level 2 of the Orcish Mines)

   [amulet of reflection]

   It shields you and reflects attacks.
   It affects your SH (+8).
 O - a +5 ring of evasion
 U - a cursed +5 ring of evasion (left hand)
Wands
 w - a wand of slowing (13/48)
 x - a wand of digging (6/24)
 B - a wand of acid (3/15)
 D - a wand of slowing (30/48)
 H - a wand of paralysis (21/24)
 L - a wand of polymorph (13/24)
 M - a wand of acid (11/15)
 V - a wand of iceblast (7/15)
Scrolls
 b - 5 scrolls of fear
 g - 3 scrolls of teleportation
 h - 3 scrolls of amnesia
 k - 13 scrolls of identify
 o - 4 scrolls of fog
 y - 2 scrolls of recharging
 A - 2 scrolls of enchant armour
 S - a scroll of magic mapping
Potions
 a - a potion of haste
 i - a potion of magic
 n - 5 potions of cancellation
 r - 5 potions of flight
 u - 8 potions of curing
 v - 3 potions of agility
 C - 2 potions of cure mutation
 E - 3 potions of lignification
 J - 3 potions of brilliance
 K - 3 potions of resistance
Comestibles
 c - 18 bread rations
 f - 8 beef jerkies
 l - 3 meat rations
 m - 8 slices of pizza
 z - a royal jelly
 P - 6 fruits
 Q - 5 chunks of flesh


   Skills:
 + Level 8.6(8.5) Fighting
 - Level 10.2(14.4) Short Blades
 - Level 7.5 Armour
 - Level 3.0(6.7) Dodging
 - Level 16.7(20.4) Stealth
 - Level 3.3(5.9) Shields
 - Level 2.6 Unarmed Combat
 - Level 1.0 Spellcasting
 + Level 13.8(16.3) Hexes
 - Level 1.0(2.6) Summonings
 - Level 1.0(2.7) Ice Magic
 + Level 13.4(16.0) Evocations


You had 5 spell levels left.
You knew the following spells:

 Your Spells              Type           Power        Failure   Level  Hunger
a - Ensorcelled Hibernat  Hex/Ice        ####..       1%          2    ###....
b - Confuse               Hex            #####...     1%          3    ####...
c - Summon Butterflies    Summ           #.......     14%         1    ##.....
d - Invisibility          Hex            #####...     8%          6    #######


Dungeon Overview and Level Annotations

Branches:
Dungeon (13/15)            Temple (1/1) D:5            Lair (6/6) D:10
  Swamp (0/4) Lair:3        Snake (0/4) Lair:3        Slime (0/5) Lair:5
    Orc (2/2) D:10            Elf (3/3) Orc:2
 Vaults: D:13-14

Altars:
Ashenzari
Cheibriados
Dithmenos
Elyvilon
Fedhas
Gozag
Hepliaklqana
Kikubaaqudgha
Makhleb
Nemelex Xobeh
Okawaru
Qazlal
Ru
Sif Muna
Trog
Uskayaw
Vehumet
Xom
Yredelemnul
Zin
The Shining One

Shops:
D:6 *   D:7 %   D:9 *   Orc:2 *[=(   Elf:3 ?

Portals:
Hell: Lair:6

Annotations:
D:9 Joseph


Innate Abilities, Weirdness & Mutations

You have a pair of large antennae on your head. (SInv)
You are completely covered in rugged brown scales. (AC +3, +7% HP)
You are completely attuned to the shadows.
You sometimes gain power by taking damage.
Your magical and physical power is slightly enhanced at high health.


Message History

The deep elf sorcerer mumbles some strange words.
The deep elf mage mumbles some strange words.
You block the deep elf blademaster's attack. x2
The deep elf sorcerer gestures wildly while chanting.
Things that are here:
a +2 dagger of electrocution; a +0 chain mail; a +2 flail of protection The deep elf blademaster hits you with a rapier.
* * * LOW HITPOINT WARNING * * *
The deep elf blademaster barely misses you.
The deep elf sorcerer gestures wildly while chanting.
The deep elf sorcerer casts a spell.
You block the deep elf blademaster's attack.
The deep elf blademaster misses you.
You block the deep elf blademaster's attack. x2
The deep elf sorcerer mumbles some strange words.
Things that are here:
a +0 longbow; 26 arrows; a +0 leather armour You block the deep elf blademaster's attack.
The deep elf blademaster hits you with a rapier!!
You die...

..#..#..#.....#..#...#
..#..#..#.....#..#...# ###
..#..#.)#######..#...# ##.#
..#..'....(...)..#...#
##.##
..#..#...........#...#
##.##
###.....####)#####...###.##
............)((.......#.##
...........))........#)##
......{{){{..e.e@....##.##
######e#################.##
##.{{{...## ##.##
##..e.{(...### * ##.##
....E........#∆{* ##.#
.............##∆∆ * ###
.........(....##∆{∆**
.....###..)....#∆∆∆∆ *
).{.##{##......#,∆∆∆ *


You could see a deep elf blademaster and a deep elf sorcerer.

Vanquished Creatures
  A deep elf blademaster (Elf:2)
  3 deep elf sorcerers
  A deep elf elementalist (Elf:3)
  A deep elf demonologist (Elf:3)
  3 deep elf annihilators (Elf:3)
  3 deep elf death magi (Elf:3)
  2 deep elf high priests (Elf:3)
  A fire dragon (D:10)
  A hydra (Lair:6)
  A hydra (shapeshifter) (Elf:2)
  Erica (D:11)
  6 death yaks
  The ghost of tstbtto the Cleaver, a novice FoFi of Gozag (D:8)
  26 dancing weapons
  12 deep elf knights
  Urug (Lair:5)
  3 orc high priests (Orc:2)
  A sun demon (Lair:6)
  A salamander mystic (Volcano)
  An unseen horror (D:10)
  2 wizards
  3 skeletal warriors (D:12)
  2 hill giants
  4 deep elf archers
  6 statues (Volcano)
  2 orc knights (Orc:2)
  46 deep elf magi
  2 orc sorcerers (Orc:2)
  2 cyclopes
  An ugly thing (D:8)
  2 manticores (D:12)
  2 salamanders (Volcano)
  Psyche (D:9)
  7 elephants
  2 black mambas
  A smoke demon (Lair:6)
  A centaur zombie (D:11)
  A gargoyle (D:10)
  A centaur skeleton (D:12)
  An orange demon (Lair:6)
  10 spiny frogs
  A rime drake (Lair:6)
  3 komodo dragons
  2 kobold demonologists (D:11)
  An ice devil (Lair:6)
  A hellwing (Lair:6)
  2 red devils (Lair:6)
  A tengu conjurer (Elf:1)
  4 trolls
  Grinder (D:5)
  2 polar bears
  A raiju (shapeshifter) (Elf:3)
  Prince Ribbit (D:9)
  5 hippogriffs
  2 two-headed ogres
  4 blink frogs
  7 dream sheep (Lair:6)
  6 water elementals
  2 air elementals
  2 hogs (D:7)
  2 wyverns
  32 yaks
  A vampire (D:12)
  A wraith (D:9)
  8 fire bats
  2 fire elementals
  4 basilisks
  Grum (Lair:1)
  A human (D:7)
  Menkaure (D:6)
  3 nagas (Lair:3)
  3 swamp worms (Lair:3)
  17 water moccasins
  9 porcupines
  26 orc warriors
  3 sky beasts
  3 black bears
  6 ogres
  A boggart (Elf:1)
  8 wolves
  6 centaurs
  13 crocodiles
  7 big kobolds
  A wyvern zombie (D:8)
  28 bullfrogs
  3 earth elementals
  A water moccasin zombie (D:5)
  3 scorpions
  11 killer bees
  6 wights
  4 electric eels
  A lava snake (Volcano)
  4 crimson imps
  A bullfrog zombie (D:9)
  5 howler monkeys
  A quasit (D:10)
  8 jellies
  5 hounds
  25 orc priests
  5 bullfrog skeletons
  Ijyb (D:4)
  10 iguanas
  31 orc wizards
  10 worker ants
  2 hound skeletons (D:7)
  A howler monkey zombie (D:7)
  7 gnolls
  16 adders
  A howler monkey skeleton (D:7)
  85 river rats
  2 shadow imps
  4 oozes
  An adder skeleton (D:4)
  3 worms (D:2)
  3 dart slugs
  8 leopard geckos
  79 orcs
  7 ball pythons
  6 giant cockroaches
  20 goblins
  10 hobgoblins
  12 jackals
  31 kobolds
  10 quokkas
  13 bats
  9 frilled lizards
  A jackal skeleton (D:4)
  A leopard gecko skeleton (D:8)
  2 quokka skeletons
  26 rats
  A plant (D:10)
900 creatures vanquished.

Vanquished Creatures (others)
  A deep elf blademaster (Elf:3)
  2 deep elf master archers (Elf:3)
  An orc warlord (Orc:2)
  A minotaur (Lab)
  A catoblepas (Lair:3)
  4 death yaks
  3 deep elf knights
  A skeletal warrior (D:12)
  2 hill giants
  2 deep elf archers
  An orc knight (Orc:2)
  An orc sorcerer (Orc:2)
  5 deep elf magi
  4 elephants (Lair:6)
  A gargoyle (D:10)
  2 orange demons (Lair:6)
  A rime drake (Lair:3)
  3 ice devils (Lair:6)
  7 yaks
  A hog (D:7)
  A wraith (D:10)
  2 hungry ghosts
  A fire bat (D:10)
  5 orc warriors (Orc:2)
  A wolf (Lair:6)
  2 phantoms
  3 ogres
  A crocodile (Lair:6)
  A big kobold (Sewer)
  A bullfrog (D:12)
  2 killer bees (D:8)
  A howler monkey (D:11)
  2 crimson imps
  2 orc priests (Orc:2)
  An orc wizard (D:10)
  2 centaur skeletons
  A worker ant (D:4)
  A gnoll (D:11)
  5 river rats
  An orc (Orc:2)
  A goblin (D:4)
  A hobgoblin (D:1)
  A rat (Sewer)
  A bush (Lair:6)
  36 fungi
  9 plants
129 creatures vanquished.

Grand Total: 1029 creatures vanquished

Notes
Turn   | Place    | Note
-------+----------+-------------------------------------------
     0 | D:1      | sveltemanboy the Demonspawn Monk began the quest for the Orb.
     0 | D:1      | Reached XP level 1. HP: 18/18 MP: 1/1
   348 | D:1      | Gained mutation: You are slightly more attuned to the shadows. [demonic ancestry]
   348 | D:1      | Reached XP level 2. HP: 8/24 MP: 2/2
   352 | D:1      | Reached skill level 1 in Armour
   640 | D:1      | Reached skill level 2 in Stealth
  1557 | D:1      | Gained mutation: You are partially covered in rugged brown scales. (AC +1, +3% HP) [demonic ancestry]
  1557 | D:1      | Reached XP level 3. HP: 19/29 MP: 3/3
  1881 | D:1      | Reached skill level 1 in Short Blades
  2493 | D:2      | Reached XP level 4. HP: 36/36 MP: 4/4
  2498 | D:2      | Reached skill level 3 in Stealth
  3384 | D:3      | Gained mutation: You are significantly more attuned to the shadows. [demonic ancestry]
  3384 | D:3      | Reached XP level 5. HP: 32/42 MP: 5/5
  3475 | D:3      | Reached skill level 4 in Stealth
  3500 | D:3      | Noticed a black bear
  3601 | D:3      | Found a glowing drain.
  3608 | Sewer    | Entered a sewer
  3686 | Sewer    | Reached skill level 1 in Evocations
  3787 | Sewer    | Reached XP level 6. HP: 48/48 MP: 6/6
  4277 | Sewer    | Reached skill level 5 in Stealth
  4663 | D:3      | Gained mutation: You are mostly covered in rugged brown scales. (AC +2, +5% HP) [demonic ancestry]
  4663 | D:3      | Reached XP level 7. HP: 48/54 MP: 8/8
  5323 | D:4      | Found an ancient bone altar of Kikubaaqudgha.
  5382 | D:4      | Noticed Ijyb
  5398 | D:4      | Killed Ijyb
  5398 | D:4      | Reached skill level 6 in Stealth
  5975 | D:5      | Entered Level 5 of the Dungeon
  6027 | D:5      | Noticed Grinder
  6032 | D:5      | Killed Grinder
  6032 | D:5      | Reached skill level 7 in Stealth
  6032 | D:5      | Reached XP level 8. HP: 60/60 MP: 10/10
  6162 | D:5      | Found a sparkling altar of Nemelex Xobeh.
  6373 | D:5      | Found a staircase to the Ecumenical Temple.
  6483 | Temple   | Entered the Ecumenical Temple
  6656 | Temple   | Became a worshipper of Ashenzari the Shackled
  6656 | Temple   | Reached * piety under Ashenzari
  6656 | Temple   | Reached ** piety under Ashenzari
  7376 | D:6      | Noticed Menkaure
  7379 | D:6      | Killed Menkaure
  7379 | D:6      | Reached skill level 8 in Stealth
  7442 | D:6      | Reached skill level 5 in Short Blades
  7532 | D:6      | Reached skill level 5 in Evocations
  7541 | D:6      | Gained mutation: You sometimes gain a little power by taking damage. [demonic ancestry]
  7541 | D:6      | Reached XP level 9. HP: 67/67 MP: 12/12
  8030 | D:6      | Reached skill level 9 in Stealth
  8323 | D:6      | Found Yhetuf's Serpentskin Sales.
  8336 | D:6      | Bought an uncursed ring of poison resistance for 260 gold pieces
  8791 | D:7      | Reached skill level 10 in Stealth
  8812 | D:7      | Found Aficsaxe's Food Boutique.
  9055 | D:7      | Gained mutation: You are completely covered in rugged brown scales. (AC +3, +7% HP) [demonic ancestry]
  9055 | D:7      | Reached XP level 10. HP: 60/74 MP: 13/15
  9285 | D:8      | Reached *** piety under Ashenzari
  9729 | D:8      | Reached skill level 1 in Shields
  9761 | D:8      | Learned a level 2 spell: Ensorcelled Hibernation
  9942 | D:8      | Noticed tstbtto's ghost (novice FoFi)
  9952 | D:8      | HP: 3/74 [tstbtto's ghost (20)]
  9965 | D:8      | Killed tstbtto's ghost
  9965 | D:8      | Reached skill level 11 in Stealth
 10244 | D:8      | Noticed a white ugly thing
 10253 | D:8      | Killed a white ugly thing
 10576 | D:9      | Noticed Joseph
 10661 | D:9      | Noticed Psyche
 10894 | D:9      | Identified a scroll of acquirement
 11002 | D:9      | Found Fucacok's Assorted Antiques.
 11012 | D:9      | Bought a scroll of remove curse for 84 gold pieces
 11283 | D:9      | Reached **** piety under Ashenzari
 11287 | D:9      | Noticed Prince Ribbit
 11297 | D:9      | Killed Prince Ribbit
 11501 | D:9      | Killed Psyche
 11501 | D:9      | Reached skill level 12 in Stealth
 11501 | D:9      | Gained mutation: You are completely attuned to the shadows. [demonic ancestry]
 11501 | D:9      | Reached XP level 11. HP: 80/80 MP: 16/16
 11563 | D:9      | Found a sacrificial altar of Ru.
 11914 | D:9      | Learned a level 3 spell: Confuse
 12176 | D:10     | Entered Level 10 of the Dungeon
 12250 | D:10     | Noticed a fire dragon
 12277 | D:10     | Reached skill level 1 in Spellcasting
 12560 | D:10     | Killed a fire dragon
 12560 | D:10     | Reached skill level 1 in Hexes
 12617 | D:10     | Noticed an unseen horror
 12622 | D:10     | Killed an unseen horror
 12639 | D:10     | Found a staircase to the Lair.
 12729 | D:10     | Found a staircase to the Orcish Mines.
 12970 | D:10     | Noticed a hill giant
 13429 | D:10     | Reached ***** piety under Ashenzari
 13493 | D:10     | Banished a hill giant
 13621 | D:10     | Reached skill level 13 in Stealth
 13754 | D:10     | Reached skill level 1 in Ice Magic
 14158 | D:10     | Noticed a hill giant
 14165 | D:10     | Killed a hill giant
 14422 | D:11     | Noticed Erica
 14426 | D:11     | Killed Erica
 14503 | D:11     | Gained mutation: You have a pair of small antennae on your head. [demonic ancestry]
 14503 | D:11     | Reached XP level 12. HP: 71/86 MP: 17/17
 15447 | D:12     | Reached skill level 5 in Hexes
 15585 | D:12     | Reached skill level 14 in Stealth
 15702 | D:12     | Found a labyrinth entrance.
 15721 | Lab      | Entered a labyrinth
 16035 | Lab      | Noticed a minotaur
 16050 | Lab      | Banished a minotaur
 16051 | Lab      | Identified the Volume of Enchantment
 16056 | Lab      | Identified the cursed +0 leather armour "Waqul" {Int+4} (You found it in a labyrinth)
 16402 | D:12     | Reached skill level 10 in Short Blades
 16796 | Lair:1   | Entered Level 1 of the Lair of Beasts
 16873 | Lair:1   | Identified the +7 long sword "Kaczuyn" {freeze, Dex+8}
 17316 | Lair:1   | Learned a level 1 spell: Summon Butterflies
 17388 | Lair:1   | Noticed Grum
 17397 | Lair:1   | Killed Grum
 17836 | Lair:1   | Reached skill level 1 in Summonings
 18120 | Lair:2   | Reached skill level 15 in Stealth
 18224 | Lair:2   | Reached ****** piety under Ashenzari
 19019 | Lair:3   | Noticed a catoblepas
 19021 | Lair:3   | Gained mutation: You sometimes gain power by taking damage. [demonic ancestry]
 19021 | Lair:3   | Reached XP level 13. HP: 93/93 MP: 18/18
 19045 | Lair:3   | Found a staircase to the Snake Pit.
 19166 | Lair:3   | Got the cursed pair of gloves "Uniget" {rPois Regen+}
 19177 | Lair:3   | Identified the cursed +0 pair of gloves "Uniget" {rPois Regen+} (You found it on level 3 of the Lair of Beasts)
 19226 | Lair:3   | Found a white marble altar of Elyvilon.
 20025 | Lair:3   | Found a staircase to the Swamp.
 20639 | Lair:4   | Learned a level 6 spell: Invisibility
 21564 | Lair:5   | Noticed Urug
 21603 | Lair:5   | Killed Urug
 21921 | Lair:5   | Reached skill level 5 in Fighting
 22036 | Lair:5   | Found a staircase to the Slime Pits.
 22827 | Lair:6   | Entered Level 6 of the Lair of Beasts
 22869 | Lair:6   | Reached skill level 16 in Stealth
 23116 | Lair:6   | Found a burning altar of Makhleb.
 23234 | Lair:6   | Found a gateway to Hell.
 23308 | Lair:6   | Found a dark tunnel.
 23314 | Volcano  | Entered a volcano
 23441 | Volcano  | Gained mutation: You have a pair of antennae on your head. [demonic ancestry]
 23441 | Volcano  | Reached XP level 14. HP: 104/104 MP: 16/20
 23463 | Volcano  | Found a shimmering altar of Xom.
 24344 | Lair:6   | Reached skill level 10 in Hexes
 24595 | Lair:6   | HP: 4/104 [dire elephant (31)]
 25211 | Orc:1    | Entered Level 1 of the Orcish Mines
 25397 | Orc:2    | Entered Level 2 of the Orcish Mines
 25680 | Orc:2    | Found a staircase to the Elven Halls.
 26024 | Orc:2    | Noticed an orc warlord
 26110 | Orc:2    | Reached skill level 10 in Evocations
 26812 | Orc:2    | Found Anirph's General Store.
 26812 | Orc:2    | Found Peesm's Jewellery Shop.
 26821 | Orc:2    | Found Uppoj's Antique Armour Shop.
 26822 | Orc:2    | Found Ezenus's Antique Weapon Boutique.
 26828 | Orc:2    | Bought a twisted leather armour for 175 gold pieces
 26828 | Orc:2    | Identified the cursed +0 leather armour of a volcano {rF+ MP+9 SInv} (You bought it in a shop on level 2 of the Orcish Mines)
 26837 | Orc:2    | Bought the brooch of Shielding {Reflect SH+8} for 576 gold pieces
 26977 | Orc:2    | Banished an orc warlord
 27034 | Orc:2    | Upgraded the game from 0.19-a0-1686-g35356ef to 0.19-a0-1697-g0595f0e
 27049 | Elf:1    | Entered Level 1 of the Elven Halls
 27056 | Elf:1    | Reached skill level 5 in Armour
 27062 | Elf:1    | Gained mutation: You have a pair of large antennae on your head. (SInv) [demonic ancestry]
 27062 | Elf:1    | Reached XP level 15. HP: 110/110 MP: 22/22
 27455 | Elf:1    | Noticed a deep elf sorcerer
 28036 | Elf:1    | Noticed an azure jelly
 28406 | Elf:1    | Noticed a deep elf sorcerer
 28415 | Elf:1    | Killed a deep elf sorcerer
 28774 | Elf:1    | Killed a deep elf sorcerer
 29013 | Elf:2    | Found a huge runed gate.
 29013 | Elf:2    | Found a huge runed gate.
 29013 | Elf:2    | Found a huge runed gate.
 29013 | Elf:2    | Found a huge runed gate.
 29013 | Elf:2    | Found a huge runed gate.
 29154 | Elf:2    | Noticed a deep elf blademaster
 29158 | Elf:2    | Killed a deep elf blademaster
 29431 | Elf:2    | Gained mutation: Your magical and physical power is slightly enhanced at high health. [demonic ancestry]
 29431 | Elf:2    | Reached XP level 16. HP: 118/118 MP: 25/25
 30161 | Elf:3    | Entered Level 3 of the Elven Halls
 30772 | Elf:3    | Found Veczotuhae's Magic Scroll Shoppe.
 31038 | Elf:3    | Cast into level 2 of the Abyss (a deep elf sorcerer)
 31047 | Abyss:2  | Found a corrupted altar of Lugonu.
 31173 | Elf:3    | Escaped the Abyss
 31221 | Elf:3    | Noticed a deep elf blademaster
 31257 | Elf:3    | Banished a deep elf blademaster
 31268 | Elf:3    | Noticed a deep elf master archer
 31297 | Elf:3    | Killed a deep elf master archer
 31326 | Elf:3    | Noticed a deep elf master archer
 31330 | Elf:3    | Killed a deep elf master archer
 31387 | Elf:3    | Identified the ring "Enkuvutt" {+Inv rPois rC+} (You took it off a deep elf annihilator on level 3 of the Elven Halls)
 31387 | Elf:3    | Identified the +9 war axe "Foyjuur" {holy, rPois rF++ Dex+3} (You took it off a deep elf annihilator on level 3 of the Elven Halls)
 31457 | Elf:3    | Identified the +8 glaive of Xeshrijaedgh {freeze, rElec Int+3} (You took it off a deep elf mage on level 3 of the Elven Halls)
 31649 | Elf:3    | Identified the +5 trident "Sualutsi" {flame, Dex+2} (You took it off a deep elf high priest on level 3 of the Elven Halls)
 31730 | Elf:3    | Noticed a deep elf blademaster
 31746 | Elf:3    | Slain by a deep elf blademaster

Vault maps used:
D:1:      tarquinn_simple_flora_water_d
D:3:      lightli_sewer_entry_pipes
D:4:      kennysheep_the_goblin_king, lemuel_crystal_altar, first_bread
D:5:      basic_altar, uniq_grinder
D:6:      grunt_ministairs_5, guppyfry_shop_venom, uniq_menkaure
D:7:      serial_shops, nicolae_shop_behind_doors, grunt_livestock
D:8:      kennysheep_cluttered_room
D:9:      serial_shops, nicolae_shop_crystal, hangedman_ru_absence, uniq_joseph,
          uniq_prince_ribbit1, uniq_psyche
D:10:     minmay_firetagon, due_lair_maze_entry_diamond, david_orc_2
D:11:     uniq_erica
D:12:     minmay_expanding_circles, lab_entry_generic,
          hangedman_abyss_or_decor_passed
D:13:     david_vaults_1, serial_shops, shop_fountains
Temple:   regret_index_temple_chain_breaker
Lair:1:   grunt_megastairs_1, uniq_grum
Lair:2:   serial_bayou_shore_a
Lair:3:   nicolae_swamp_entry_splash_gauntlet, guppyfry_snake_entry_garden,
          basic_altar, beast_lair_carwin_1
Lair:4:   minmay_holes
Lair:5:   nicolae_slime_entry_slimehenge, uniq_urug
Lair:6:   evil_forest, nicolae_volcano_entry_two_sided, pond
Orc:1:    serial_shops, shop_coins, basic_altar, mines2_lemuel, uniq_harold
Orc:2:    st_orc_congregation
Elf:1:    eino_elf_arrival_the_gate, hangedman_elf_disciples, hex_tiny,
          spider_trap
Elf:2:    grunt_ministairs_2, basic_stair_grate_trap
Elf:3:    nooodl_elf_gasket, serial_shops,
          nicolae_shop_temple_entry_statues_fountains, spider_trap
Lab:      nicolae_lab_dead_adventurers, lab_fountain, labyrinth_lava_lair
Sewer:    sewer_minmay_treatment
Volcano:  volcano_grotto

Skill      XL: |  1  2  3  4  5  6  7  8  9 10 11 12 13 14 15 16 |
---------------+-------------------------------------------------+-----
Armour         | 1 5 7 |  7.5
Stealth        | 2 3 4 5 7 8 10 12 13 15 16 | 16.7
Dodging        | 3 |  3.0
Short Blades   | 1 2 3 4 5 6 7 9 10 | 10.2
Evocations     | 1 2 3 5 6 8 10 12 13 | 13.4
Shields        | 3 |  3.3
Spellcasting   | 1 |  1.0
Hexes          | 4 6 8 11 12 13 | 13.8
Ice Magic      | 1 |  1.0
Summonings     | 1 |  1.0
Fighting       | 5 6 8 |  8.6
Unarmed Combat | |  2.6

Action                   |  1- 3 |  4- 6 |  7- 9 | 10-12 | 13-15 | 16-18 || total
-------------------------+-------+-------+-------+-------+-------+-------++-------
Melee: Unarmed           |   138 |       |       |       |       |       ||   138
       Short sword       |    33 |   198 |   312 |   838 |  1512 |   240 ||  3133
       Punch             |       |     2 |     3 |     2 |       |       ||     7
 Cast: Ensorcelled Hiber |       |       |       |    18 |    24 |       ||    42
       Confuse           |       |       |       |       |     2 |       ||     2
       Invisibility      |       |       |       |       |     2 |       ||     2
Invok: Curse Item        |       |       |     4 |     3 |     1 |       ||     8
Evoke: Wand              |       |     6 |     4 |    26 |    25 |     3 ||    64
  Use: Scroll            |     7 |     1 |     5 |    11 |     8 |     3 ||    35
       Potion            |       |     8 |       |     8 |     9 |     2 ||    27
 Stab: Sleeping          |    10 |    23 |    51 |    89 |   125 |    19 ||   317
       Distracted        |       |       |     5 |    12 |    27 |     6 ||    50
       Paralysed         |       |       |       |     7 |     5 |       ||    12
       Invisible         |       |       |       |       |     6 |       ||     6
       Confused          |       |       |       |       |     2 |       ||     2
  Eat: Chunk             |     5 |     7 |    30 |    32 |    42 |     1 ||   117
       Pizza             |       |       |     1 |       |       |       ||     1
Armor: Robe              |    29 |    52 |       |       |       |       ||    81
       Leather armour    |       |       |    73 |    96 |   107 |     9 ||   285
Dodge: Dodged            |    79 |   169 |   136 |   394 |   594 |    71 ||  1443
Block: Buckler           |       |       |       |    96 |   240 |    80 ||   416
       Reflection        |       |       |       |       |     3 |    12 ||    15
